 Dungeon Sprint DCSS version 0.23.1 (webtiles) character file.

Game seed: 16432786184479775317

39886 nuthulu the Warrior (level 13, -13/141 HPs)
             Began as a Minotaur Fighter on Mar 4, 2019.
             Was the Champion of Qazlal.
             Killed by drain life
             ... invoked by a deathcap
             ... summoned by a curse toe
              (23 damage)
             ... in the Dungeon (Sprint VII: "The Pits").
             The game lasted 00:11:19 (3182 turns).

nuthulu the Warrior (Minotaur Fighter)              Turns: 3182, Time: 00:11:20

Health: -13/141    AC: 32    Str: 32    XL:     13   Next: 71%
Magic:  9/23       EV: 12    Int:  5    God:    Qazlal [******]
Gold:   6          SH: 23    Dex: 10    Spells: 12/12 levels left

rFire    + . .     SeeInvis .   u - +7 war axe (freeze)
rCold    + + .     Gourm    .   c - +0 shield
rNeg     . . .     Faith    .   w - +2 gold dragon scales
rPois    +         Spirit   .   (helmet restricted)
rElec    .         Reflect  .   s - +2 cloak
rCorr    .         Harm     .   (no gloves)
MR       .....     NoTele   +   b - +1 pair of boots
Stlth    ..........             (no amulet)
HPRegen  0.33/turn              d - +3 ring of strength
MPRegen  0.18/turn              o - +3 ring of strength

@: afraid, protected from cold, slowed, repel missiles, very slow
A: retaliatory headbutt, horns 2
a: Upheaval, Elemental Force, Disaster Area, Renounce Religion


You were in the Dungeon.
You worshipped Qazlal.
Qazlal was exalted by your worship.
You were not hungry.

You visited 1 branch You collected 6 gold pieces.

Inventory:

Hand Weapons
 a - a +0 war axe
 u - a +7 war axe of freezing (weapon)
Armour
 b - a +1 pair of boots (worn)
 c - a +0 shield (worn)
 s - a +2 cloak (worn)
 w - +2 gold dragon scales (worn)
Jewellery
 d - a +3 ring of strength (left hand)
 o - a +3 ring of strength (right hand)
 y - an uncursed ring of protection from fire
 C - a cursed ring of stealth
Scrolls
 k - 3 scrolls of blinking
 m - 4 scrolls of remove curse
 n - 5 scrolls of amnesia
 z - 2 scrolls of fog
 B - 3 scrolls of identify
Potions
 e - 4 potions of curing
 g - 6 potions of heal wounds
 h - 3 potions of haste
 i - 3 potions of magic
 j - 2 potions of berserk rage
 l - a potion of invisibility
 p - 2 potions of might
 r - 4 potions of brilliance
 v - a potion of agility
Comestibles
 f - 7 rations


   Skills:
 + Level 20.6 Fighting
 - Level 16.4 Axes
 + Level 20.6 Armour
 + Level 13.0 Dodging
 - Level 15.1 Shields
 + Level 15.9 Invocations


You had 12 spell levels left.
You didn't know any spells.
Your spell library was empty.

Dungeon Overview and Level Annotations

Branches:
Dungeon (1/1)

Altars:
Ashenzari
Cheibriados
Dithmenos
Elyvilon
Fedhas
Gozag
Hepliaklqana
Kikubaaqudgha
Makhleb
Nemelex Xobeh
Okawaru
Qazlal
Ru
Sif Muna
Trog
Uskayaw
Vehumet
Wu Jian
Xom
Yredelemnul
Zin
The Shining One
Beogh
Jiyva
Lugonu


Innate Abilities, Weirdness & Mutations

You reflexively headbutt those who attack you in melee.
You have a pair of horns on your head.


Message History

You hit the eidolon but do no damage.
The deathcap is engulfed in blazing flames.
You destroy the deathcap!
The eidolon hits you but does no damage.
You block the eidolon's attack.
Unknown command.
Nature churns violently around you!
The blast of ice hits the deathcap!!
The deathcap partially resists.
The deathcap is heavily damaged.
The deathcap is flash-frozen.
The blast of ice hits the curse toe!
The curse toe partially resists.
The curse toe is almost destroyed.
The curse toe is flash-frozen.
The blast of ice hits the deathcap!
The deathcap partially resists.
The deathcap is almost destroyed.
You hear a sizzling sound!
The eidolon hits you but does no damage.
The eidolon completely misses you.
The deathcap draws from the surrounding life force!
You die...

#..........#
#..#....#§.#
+..§§§.≈...#
+§..§.≈....#
#§.#§..≈#..#
#≈≈.§......+
#.○○§°.....+
###.'####''# #W@#
#''##########
#..°[z.##............
#.#)##f##............
#.#% ☼.##.)##########
# .} ##..#))'...'))
≈#% #..#))#...#))
++########## .}.
#..####...###
.......##..## ##
#..#.........
#......##..#
#..#.........


You could see a curse toe, an eidolon and a deathcap.

Vanquished Creatures
  A deep elf master archer (D)
  2 orc warlords (D)
  Aizul (D)
  A draconian annihilator (D)
  A lorocyproca (D)
  2 minotaurs (D)
  A fire dragon (D)
  Josephine (D)
  A yaktaur captain (D)
  An ice dragon (D)
  4 vault guards (D)
  A hydra (D)
  3 naga warriors (D)
  A merfolk avatar (D)
  A merfolk aquamancer (D)
  A vampire mage (D)
  A shadow wraith (D)
  2 deep elf knights (D)
  A fire crab (D)
  5 skeletal warriors (D)
  A deep troll (D)
  9 orc knights (D)
  A deep elf mage (D)
  2 orc sorcerers (D)
  A manticore (D)
  2 gargoyles (D)
  An orange demon (D)
  A rime drake (D)
  A kobold demonologist (D)
  A hellwing (D)
  2 merfolk (D)
  Prince Ribbit (D)
  4 dream sheep (D)
  A bog body (D)
  A hippogriff (D)
  8 blink frogs (D)
  A vampire (D)
  A water elemental (D)
  6 wraiths (D)
  15 yaks (D)
  A neqoxec (D)
  A hungry ghost (D)
  4 vampire mosquitoes (D)
  An acid dragon (D)
  A porcupine (D)
  A floating eye (D)
  A sky beast (D)
  A swamp drake (D)
  An ice beast (D)
  An ogre (D)
  3 centaurs (D)
  3 wights (D)
  A jelly (D)
  A gnoll shaman (D)
  An orc priest (D)
  6 orc wizards (D)
  An iguana (D)
  Jessica (D)
  2 worker ants (D)
  A hell rat (D)
  A mummy (D)
  3 gnolls (D)
  An adder (D)
  An ooze (D)
  A leopard gecko (D)
  4 orcs (D)
  A ball python (D)
  3 giant cockroaches (D)
  A goblin (D)
  2 jackals (D)
  A ball python zombie (D)
  A frilled lizard (D)
  A jackal zombie (D)
  7 kobolds (D)
  A leopard gecko skeleton (D)
154 creatures vanquished.

Notes
Turn   | Place    | Note
-------+----------+-------------------------------------------
     0 | D        | nuthulu the Minotaur Fighter began the quest for the Orb.
     0 | D        | Reached XP level 1. HP: 19/19 MP: 0/0
    41 | D        | Found a bloodstained altar of Trog.
    41 | D        | Found a deep blue altar of Sif Muna.
    41 | D        | Found a viscous altar of Jiyva.
    41 | D        | Found a hazy altar of Hepliaklqana.
    41 | D        | Found an opulent altar of Gozag.
    42 | D        | Found a glowing golden altar of the Shining One.
    42 | D        | Found a glowing silver altar of Zin.
    42 | D        | Found a basalt altar of Yredelemnul.
    42 | D        | Found a shimmering altar of Xom.
    42 | D        | Found an ornate altar of the Wu Jian Council.
    42 | D        | Found a sacrificial altar of Ru.
    42 | D        | Found a stormy altar of Qazlal.
    42 | D        | Found an iron altar of Okawaru.
    42 | D        | Found a sparkling altar of Nemelex Xobeh.
    42 | D        | Found a burning altar of Makhleb.
    42 | D        | Found a blossoming altar of Fedhas.
    42 | D        | Found a white marble altar of Elyvilon.
    42 | D        | Found a shadowy altar of Dithmenos.
    42 | D        | Found a snail-covered altar of Cheibriados.
    43 | D        | Found a radiant altar of Vehumet.
    43 | D        | Found a corrupted altar of Lugonu.
    43 | D        | Found a roughly hewn altar of Beogh.
    44 | D        | Found an ancient bone altar of Kikubaaqudgha.
    44 | D        | Found a hide-covered altar of Uskayaw.
    44 | D        | Found a shattered altar of Ashenzari.
    47 | D        | Became a worshipper of Qazlal Stormbringer
    72 | D        | Noticed a floating eye
    73 | D        | Reached * piety under Qazlal
    74 | D        | Paralysed by a floating eye for 3 turns
    80 | D        | Paralysed by a floating eye for 3 turns
    85 | D        | Killed a floating eye
    85 | D        | Reached skill level 5 in Axes
    85 | D        | Reached XP level 2. HP: 24/31 MP: 1/1
    85 | D        | Reached XP level 3. HP: 29/38 MP: 2/2
    85 | D        | Reached XP level 4. HP: 34/45 MP: 3/3
   162 | D        | Reached ** piety under Qazlal
   326 | D        | Noticed Jessica
   326 | D        | Noticed Prince Ribbit
   336 | D        | Reached *** piety under Qazlal
   336 | D        | Reached XP level 5. HP: 31/52 MP: 4/4
   336 | D        | Killed Jessica
   357 | D        | Noticed an ogre
   418 | D        | Killed an ogre
   711 | D        | Reached **** piety under Qazlal
   711 | D        | Reached XP level 6. HP: 62/62 MP: 5/5
   713 | D        | Noticed a seven-headed hydra
   731 | D        | Killed a 14-headed hydra
   731 | D        | Reached skill level 10 in Fighting
   731 | D        | Reached skill level 10 in Axes
   731 | D        | Reached skill level 10 in Armour
   731 | D        | Reached skill level 10 in Shields
   731 | D        | Reached XP level 7. HP: 12/73 MP: 6/6
  1057 | D        | Noticed a hungry ghost
  1059 | D        | Reached XP level 8. HP: 82/82 MP: 7/7
  1086 | D        | Reached ***** piety under Qazlal
  1104 | D        | Reached skill level 1 in Invocations
  1123 | D        | Killed a shadow wraith
  1473 | D        | Reached XP level 9. HP: 90/90 MP: 10/10
  1499 | D        | Noticed a hellwing
  1500 | D        | Reached ****** piety under Qazlal
  1501 | D        | Noticed an orc knight
  1503 | D        | Reached skill level 5 in Invocations
  1505 | D        | Noticed a rime drake
  1510 | D        | Killed an orc knight
  1517 | D        | Noticed a skeletal warrior
  1517 | D        | Noticed a skeletal warrior
  1517 | D        | Noticed a skeletal warrior
  1517 | D        | Noticed a skeletal warrior
  1518 | D        | Noticed a minotaur
  1518 | D        | Noticed a skeletal warrior
  1519 | D        | Killed a rime drake
  1526 | D        | Killed a hellwing
  1526 | D        | Reached XP level 10. HP: 12/101 MP: 12/14
  1526 | D        | HP: 4/101 [dream sheep (8)]
  1542 | D        | Killed a skeletal warrior
  1549 | D        | Killed a skeletal warrior
  1554 | D        | Killed a skeletal warrior
  1556 | D        | Noticed an orange demon
  1561 | D        | Killed a skeletal warrior
  1563 | D        | Killed a skeletal warrior
  1563 | D        | HP: 3/104 [orange demon (8)]
  1569 | D        | HP: 4/104 [minotaur (21)]
  1570 | D        | Killed an orange demon
  1570 | D        | Reached XP level 11. HP: 4/111 MP: 3/16
  1584 | D        | Killed a minotaur
  1584 | D        | Reached skill level 15 in Fighting
  1584 | D        | Reached skill level 15 in Axes
  1584 | D        | Reached skill level 15 in Armour
  1584 | D        | Reached skill level 15 in Shields
  1935 | D        | Reached skill level 10 in Invocations
  1950 | D        | Noticed an orc sorcerer
  1957 | D        | Noticed a sixfirhy
  1958 | D        | Killed an orc sorcerer
  2047 | D        | Noticed an orc sorcerer
  2047 | D        | Noticed a deep troll
  2047 | D        | Paralysed by an orc sorcerer for 5 turns
  2051 | D        | Killed an orc sorcerer
  2052 | D        | Noticed a deep elf mage
  2054 | D        | Killed a deep troll
  2056 | D        | Killed a deep elf mage
  2133 | D        | Found the +6 shillelagh "Devastator" {shatter}
  2202 | D        | Noticed a sun demon
  2228 | D        | Reached skill level 1 in Dodging
  2240 | D        | Noticed Josephine
  2241 | D        | Noticed Aizul
  2250 | D        | Killed Josephine
  2259 | D        | Killed Aizul
  2259 | D        | Reached XP level 12. HP: 85/125 MP: 18/20
  2279 | D        | Killed Prince Ribbit
  2279 | D        | Reached skill level 5 in Dodging
  2316 | D        | Noticed a merfolk aquamancer
  2323 | D        | Killed a merfolk aquamancer
  2608 | D        | Noticed a vault guard
  2608 | D        | Noticed a naga warrior
  2608 | D        | Noticed a white draconian annihilator
  2608 | D        | Noticed an orc warlord
  2609 | D        | Noticed an orc warlord
  2610 | D        | Noticed a merfolk avatar
  2611 | D        | Noticed a naga warrior
  2613 | D        | Killed a merfolk avatar
  2614 | D        | Killed a white draconian annihilator
  2616 | D        | Killed a naga warrior
  2617 | D        | Noticed a vault guard
  2617 | D        | Noticed a vault guard
  2619 | D        | Noticed a yaktaur captain
  2620 | D        | Killed a naga warrior
  2621 | D        | Killed a vault guard
  2621 | D        | Killed an orc warlord
  2621 | D        | Reached skill level 10 in Dodging
  2621 | D        | Reached XP level 13. HP: 53/137 MP: 7/22
  2625 | D        | Killed an orc warlord
  2636 | D        | Killed a lorocyproca
  2636 | D        | Reached skill level 15 in Invocations
  3156 | D        | Noticed an eidolon
  3156 | D        | Noticed a deep elf master archer
  3156 | D        | Noticed a curse toe
  3156 | D        | Noticed a fire dragon
  3161 | D        | Noticed a minotaur
  3162 | D        | Killed a fire dragon
  3166 | D        | Killed a deep elf master archer
  3179 | D        | Killed a minotaur
  3182 | D        | Killed from afar by a deathcap

Skill      XL: |  1  2  3  4  5  6  7  8  9 10 11 12 13 |
---------------+----------------------------------------+-----
Fighting       | 6 7 8 10 11 12 13 14 17 19 20 | 20.6
Axes           | 5 6 7 10 11 13 14 16 | 16.4
Armour         | 6 7 8 10 11 12 13 14 17 19 20 | 20.6
Shields        | 6 7 8 10 11 12 13 14 15 | 15.1
Invocations    | 3 6 9 12 14 15 | 15.9
Dodging        | 4 10 13 | 13.0

Action                   |  1- 3 |  4- 6 |  7- 9 | 10-12 | 13-15 || total
-------------------------+-------+-------+-------+-------+-------++-------
Melee: War axe           |    17 |    33 |    84 |   140 |    48 ||   322
       Headbutt          |     2 |    10 |    12 |    43 |    16 ||    83
Invok: Disaster Area     |       |       |       |     5 |     4 ||     9
  Use: Potion            |       |     5 |       |     9 |     5 ||    19
       Scroll            |       |     1 |       |     7 |       ||     8
 Stab: Confused          |       |       |     3 |       |       ||     3
  Eat: Ration            |       |       |     2 |     1 |       ||     3
       Chunk             |       |       |       |     1 |       ||     1
Armor: Scale mail        |    12 |     3 |       |       |       ||    15
       Chain mail        |       |    25 |    20 |       |       ||    45
       Plate armour      |       |       |    22 |    50 |    10 ||    82
       Gold dragon scale |       |       |       |       |    27 ||    27
Dodge: Dodged            |     5 |    23 |     4 |    19 |    18 ||    69
       Deflected         |       |       |     2 |     1 |     5 ||     8
Block: Shield            |    11 |    50 |    80 |   178 |    73 ||   392
